 Dungeon Crawl Stone Soup version 0.30-a0-939-gc8157cb160 (webtiles) character file.

Game seed: 7964403193498882587

11 DeathPants the Trooper (level 2, -4/16 HPs)
             Began as a Vine Stalker Fighter on Mar 25, 2023.
             Slain by Terence
             ... wielding a +3 hand axe of electrocution
              (17 damage)
             ... on level 2 of the Dungeon.
             The game lasted 00:01:24 (208 turns).

DeathPants the Trooper (Vine Stalker Fighter)        Turns: 208, Time: 00:01:25

Health: -4/16      AC:  6    Str: 18    XL:     2   Next: 25%
Magic:  0/3        EV:  9    Int:  8    God:
Gold:   8          SH:  5    Dex: 19    Spells: 1/1 levels left

rFire   . . .      SeeInvis .    b - +2 dagger (speed)
rCold   . . .      Faith    .    c - +0 buckler
rNeg    . . .      Spirit   +    e - +0 scale mail
rPois   .          Reflect  .    (no helmet)
rElec   .          Rampage  .    (no cloak)
rCorr   .                        (no gloves)
Will    .....                    (no boots) Stlth
                                 (no amulet)
HPRegen 0.22/turn                f - +6 ring of dexterity
MPRegen 0.08/turn                (no ring)

@: no status effects
A: fangs 2, magic shield, antimagic bite, no potion heal 2
a: no special abilities


You were on level 2 of the Dungeon.
You visited 1 branch of the dungeon, and saw 2 of its levels.

You collected 8 gold pieces.

Inventory:

Hand Weapons
 a - a +0 rapier
 b - a +2 dagger of speed (weapon)
Armour
 c - a +0 buckler (worn)
 e - a +0 scale mail (worn)
Jewellery
 f - a +6 ring of dexterity (left hand)
Scrolls
 g - a scroll of teleportation {unknown}
 h - a scroll of identify {unknown}
 i - a scroll of fog {unknown}
Potions
 d - a potion of might


   Skills:
 + Level 2.8 Fighting
 * Level 2.1 Short Blades
 - Level 2.4 Armour
 + Level 0.3 Dodging
 + Level 2.8 Shields


You had one spell level left.
You didn't know any spells.
Your spell library was empty.

Dungeon Overview and Level Annotations

Branches:
Dungeon (2/15)

Altars:

Annotations:
D:2 Terence


Innate Abilities, Weirdness & Mutations

You have extremely sharp teeth.
When hurt, damage is shared between your health and your magic reserves.
Your bite disrupts and absorbs the magic of your enemies.
Potions cannot restore your health.


Message History

You hit the worm.
You kill the worm!
Your Short Blades skill increases to level 2!
You have reached level 2!
You climb downwards.
There is a stone staircase leading up here.
Found a scroll labelled KOYPYKKINE.
You closely miss the rat. You block the rat's attack.
You hit the rat.
You kill the rat!
A goblin and Terence come into view.
Terence is wielding a +3 hand axe of electrocution.
Found a metallic emerald potion and a helmet.
The goblin shouts!
The endoplasm misses you.
A dart slug comes into view.
Found a scroll labelled DEKAISINAI and a book of the Hunter.
The endoplasm hits you but does no damage.
You hit the endoplasm.
The endoplasm is severely wounded.
The endoplasm hits you but does no damage.
You hit the endoplasm.
You kill the endoplasm!
The goblin barely misses you.
You hit the goblin.
You kill the goblin!
The dart slug launches a dart at you. The slug dart hits you.
You have nothing you can fire or use right now.
You aren't carrying any items that you can evoke.
Terence attacks as you move away! You block Terence's attack.
The dart slug launches a dart at you. The slug dart hits you.
You hit Terence but do no damage. You bite Terence, but do no damage.
You block Terence's attack.
You completely miss Terence. You hit Terence but do no damage.
Your bite misses Terence. Terence hits you but does no damage.
You are electrocuted!!
Ouch! That really hurt!
You die...

# # .####. ..^ ##
#### ...... #.#
.##...# ...... #.#
.<....#.......##.####
....................#
########.
#........####
#.###.........# ##
#.....<@....... .#
#####..@....... .#
#....####.. .# #...w#
.# #..##w.#?# .# #..#
#.!.:# .# #..# ...#[#
.# #..# .#..## .# #..
#?.#..


You could see Terence and 2 dart slugs.

Vanquished Creatures
  A worm (D:1)
  2 bats
  An endoplasm (D:2)
  A goblin (D:2)
  3 rats
8 creatures vanquished.

Notes
Turn   | Place    | Note
-------+----------+-------------------------------------------
     0 | D:1      | DeathPants the Vine Stalker Fighter began the quest for the
                  | Orb.
     0 | D:1      | Reached XP level 1. HP: 11/11 MP: 2/2
   191 | D:1      | Reached XP level 2. HP: 16/16 MP: 3/3
   196 | D:2      | Noticed Terence
   208 | D:2      | Slain by Terence

Illustrated notes

Levels and vault maps discovered:
D:1:      co_arrival_random_square_maze, layout_basic
D:2:      layout_rooms, nicolae_ecumenical_oubliette, minmay_hexomino_c4,
          uniq_sigmund, uniq_terence

Skill      XL: |  1 |
---------------+----+-----
Short Blades   | 2 |  2.1
Fighting       | |  2.8
Armour         | |  2.4
Dodging        | |  0.3
Shields        | |  2.8

Action                     || total
---------------------------++-------
  Melee: Dagger            ||    26
         Bite              ||     3
 Armour: Scale mail        ||     8
  Dodge: Dodged            ||     7
  Block: Buckler           ||     6

Table legend: (Time is in decaauts)
 A = Elapsed time spent in this place.
 B = Non-inter-level travel time spent in this place.
 C = Inter-level travel time spent in this place.
 D = Time resting spent in this place.
 E = Time spent auto-exploring this place.
 F = Levels seen in this place.
 G = Mean time per level.
                   A        B        C        D        E       F      G
               +--------+--------+--------+--------+--------+-----+--------+
         Total |    199 |    199 |      0 |      0 |     76 |   2 |   99.5 |
       Dungeon |    199 |    199 |      0 |      0 |     76 |   2 |   99.5 |
               +--------+--------+--------+--------+--------+-----+--------+

Top non-repeatable levels by time:
     D:1: 141 daAuts
     D:2: 57 daAuts
